 Dungeon Crawl Stone Soup version 0.31-a0-868-g674d60d6f7 (webtiles) character file.

Game seed: 10619775292547386811

492 pokeman the Magician (level 6, -3/51 HPs)
             Began as a Deep Elf Hedge Wizard on Oct 12, 2023.
             Was an Initiate of Vehumet.
             Succumbed to a water moccasin's poison
             ... on level 5 of the Dungeon.
             The game lasted 00:06:27 (5070 turns).

pokeman the Magician (Deep Elf Hedge Wizard)        Turns: 5070, Time: 00:06:28

Health: -3/51      AC: 23    Str:  7    XL:     6   Next: 91%
Magic:  5/18       EV:  2    Int: 21    God:    Vehumet [......]
Gold:   318        SH:  0    Dex: 14    Spells: 12/20 levels left

rFire   . . .        a - +0 dagger
rCold   . . .        (no shield)
rNeg    . . .        b - melded +0 robe
rPois   +            c - melded +0 hat
rElec   .            (cloak currently unavailable)
rCorr   .            l - melded +0 pair of gloves
SInv    .            (boots currently unavailable)
Will    .....        (no amulet)
Stlth   ++           r - +5 ring of evasion
HPRegen 0.28/turn    (no ring)
MPRegen 0.16/turn

%: no passive effects
@: lethally poisoned (-3 -> -22), tree-form, on blink cooldown
A: stationary, stasis, torment immunity, boosted hp, inability to read after
injury 1
a: Renounce Religion


You were on level 5 of the Dungeon.
You worshipped Vehumet.
Vehumet was noncommittal.
You were a tree.
You visited 2 branches of the dungeon, and saw 6 of its levels.

You collected 318 gold pieces.

Inventory:

Hand Weapons
 a - a +0 dagger (weapon)
Missiles
 e - a throwing net
Armour
 b - a +0 robe (melded)
 c - a +0 hat (melded)
 k - a +0 tower shield
 l - a +0 pair of gloves (melded)
Jewellery
 r - a +5 ring of evasion (left branch)
Scrolls
 f - 2 scrolls of summoning {unknown}
 h - 4 scrolls of teleportation {unknown}
 i - a scroll of poison {unknown}
 n - a scroll of identify {unknown}
 o - 2 scrolls of fear {unknown}
 p - a scroll of revelation {unknown}
 s - 2 scrolls of amnesia {unknown}
 u - a scroll of enchant armour {unknown}
Potions
 d - a potion of magic
 g - 2 potions of mutation
 j - a potion of curing {unknown}
 m - 2 potions of lignification
 q - a potion of cancellation {unknown}
 t - a potion of enlightenment {unknown}
 v - a potion of degeneration {unknown}


   Skills:
 + Level 1.6 Fighting
 - Level 1.0 Armour
 - Level 3.0 Dodging
 - Level 3.0 Stealth
 - Level 1.2 Shields
 * Level 7.6 Spellcasting
 + Level 3.6 Conjurations
 - Level 1.1 Summonings
 - Level 1.1 Translocations
 - Level 1.0 Air Magic
 - Level 1.0 Poison Magic


You had 12 spell levels left.
You knew the following spells:

 Your Spells              Type           Power      Damage    Failure   Level
a - Magic Dart            Conj           92%        1d7       1%          1
b - Mephitic Cloud        Conj/Pois/Air  16%        N/A       12%         3
c - Call Imp              Summ           24%        N/A       8%          2
d - Blink                 Tloc           24%        N/A       8%          2

Your spell library contained the following spells:

 Spells                   Type           Power      Damage    Failure   Level
 Slow                     Hex            32%        N/A       9%          1
 Cigotuvi's Dreadful Rot  Necr/Pois/Air  20%        N/A       10%         2
 Ozocubu's Armour         Ice            8%         N/A       26%         3
 Ozocubu's Refrigeration  Ice            4%         4d8       100%        7


Dungeon Overview and Level Annotations

Branches:
Dungeon (5/15)             Temple (1/1) D:5

Altars:
Ashenzari
Cheibriados
Elyvilon
Fedhas
Gozag
Hepliaklqana
Kikubaaqudgha
Makhleb
Nemelex Xobeh
Qazlal
Ru
Uskayaw
Vehumet
Wu Jian
Xom
Yredelemnul
Zin
The Shining One


Innate Abilities, Weirdness & Mutations

You are a tree.
Your roots penetrate the ground, keeping you stationary.
You cannot be teleported.
You are immune to unholy pain and torment.
Your maximum health is greatly increased.
Your equipment is partially melded.
You occasionally lose the ability to read scrolls when taking damage.


Message History

Casting: Magic Dart (safe; 1% risk of failure)
Confirm with . or Enter, or press ? or * to list all spells.
You blink.
You feel very sick.
Your cerulean imp completely misses the water moccasin.
Unknown command.
It was a potion of mutation.
You feel extremely strange.
You occasionally lose the ability to read scrolls when taking damage.
* * * LOW HITPOINT WARNING * * *
You feel very sick.
Your cerulean imp misses the water moccasin.
It was a potion of lignification.
You turn into a tree.
Your +0 hat melds into your body.
Your +0 pair of gloves melds into your body.
Your +0 robe melds into your body.
Your roots penetrate the ground.
You feel sick.
The water moccasin bites you but does no damage.
Your cerulean imp hits the water moccasin from afar with a -3 spear.
You miss the water moccasin.
The water moccasin is severely wounded.
You feel very sick. The water moccasin barely misses you.
The water moccasin bites you.
* * * LOW HITPOINT WARNING * * *
Your cerulean imp closely misses the water moccasin.
Unknown command.
You hit the water moccasin but do no damage.
The water moccasin is severely wounded.
You feel sick. The water moccasin bites you!
* * * LOW HITPOINT WARNING * * *
You are more poisoned.
The water moccasin poisons you!
Your cerulean imp misses the water moccasin.
Casting: Blink (safe; 8% risk of failure)
Confirm with . or Enter, or press ? or * to list all spells.
Aiming: Magic Dart (safe; 1% risk of failure)
Press: ? - help, Shift-Dir - straight line, f/p - water moccasin
Aim: a water moccasin (severely wounded, ally target, 100% to hit)
The magic dart hits the water moccasin.
The water moccasin is severely wounded.
You die...

..#....####
........#.#######
..####.....#....##
..# ##.....#...<.##
..# #......#......#
..##...###.)...5..#
........ #........#
.......# ##..###S##
<....... #..# #♣#
†....... .......##
Y.......###.....
........ #.....
......#. .......
......# .......
..##### .......
>....#. .......
.......


You could see a water moccasin (ally target) and a friendly cerulean imp
(summoned).

Vanquished Creatures
  A black bear (D:5)
  An ogre (D:4)
  A scorpion (D:4)
  9 gnolls
  10 adders
  An ufetubus (D:5)
  4 dart slugs
  3 orcs
  A bat (D:1)
  5 endoplasms
  5 giant cockroaches
  8 goblins
  4 hobgoblins
  8 jackals (D:4)
  5 kobolds
  3 quokkas
  4 ball pythons
  4 frilled lizards
  2 rats (D:2)
79 creatures vanquished.

Notes
Turn   | Place    | Note
-------+----------+-------------------------------------------
     0 | D:1      | pokeman the Deep Elf Hedge Wizard began the quest for the
                  | Orb.
     0 | D:1      | Reached XP level 1. HP: 10/10 MP: 7/7
   291 | D:1      | Reached XP level 2. HP: 15/15 MP: 5/9
   958 | D:1      | Reached skill level 5 in Spellcasting
  1501 | D:2      | Reached XP level 3. HP: 17/20 MP: 5/11
  1506 | D:2      | Learned a level 3 spell: Mephitic Cloud
  1509 | D:2      | Learned a level 2 spell: Call Imp
  1512 | D:2      | Learned a level 2 spell: Blink
  1605 | D:2      | Reached skill level 1 in Fighting
  1629 | D:2      | Reached skill level 1 in Armour
  1736 | D:2      | Reached XP level 4. HP: 16/25 MP: 5/13
  2203 | D:2      | HP: 1/25 [poisoned by an adder]
  2816 | D:3      | Found a faded altar of an unknown god.
  2897 | D:3      | Reached skill level 6 in Spellcasting
  3498 | D:4      | Reached XP level 5. HP: 29/29 MP: 11/15
  3529 | D:4      | Found an ornate altar of the Wu Jian Council.
  3953 | D:4      | Reached skill level 1 in Shields
  4445 | D:4      | Noticed an ogre
  4454 | D:4      | Killed an ogre
  4455 | D:4      | Reached skill level 1 in Poison Magic
  4455 | D:4      | Reached XP level 6. HP: 34/34 MP: 7/17
  4626 | D:5      | Entered Level 5 of the Dungeon
  4700 | D:5      | Reached skill level 7 in Spellcasting
  4706 | D:5      | Reached skill level 1 in Air Magic
  4802 | D:5      | Found a staircase to the Ecumenical Temple.
  4812 | Temple   | Entered the Ecumenical Temple
  4818 | Temple   | Became a worshipper of Vehumet
  4851 | D:5      | Noticed an ice beast
  4953 | D:5      | Noticed a water moccasin
  5055 | D:5      | Noticed a water moccasin
  5066 | D:5      | Gained mutation: You occasionally lose the ability to read
                  | scrolls when taking damage. [potion of mutation]
  5069 | D:5      | HP: 1/51 [water moccasin (7)]
  5070 | D:5      | Succumbed to a water moccasin's poison

Illustrated notes

Levels and vault maps discovered:
D:1:      psy_arrival_terrarium, layout_basic
D:2:      layout_loops_ring
D:3:      layout_basic, ebering_ecumenical_altar_rust
D:4:      layout_basic, lemuel_tele_altar
D:5:      layout_cave_pools, minmay_temple_entry_gardened_gates, serial_shops,
          nicolae_shop_peninsula
Temple:   sentei_temple_godly_chess

Skill      XL: |  1  2  3  4  5  6 |
---------------+-------------------+-----
Spellcasting   | 5 6 7 |  7.6
Fighting       | 1 |  1.6
Armour         | 1 |  1.0
Conjurations   | 2 3 |  3.6
Dodging        | 3 |  3.0
Stealth        | 3 |  3.0
Shields        | 1 |  1.2
Poison Magic   | 1 |  1.0
Air Magic      | 1 |  1.0
Summonings     | |  1.1
Translocations | |  1.1

Action                     |  1- 3 |  4- 6 || total
---------------------------+-------+-------++-------
  Melee: Dagger            |     8 |    25 ||    33
   Cast: Magic Dart        |    77 |   151 ||   228
         Mephitic Cloud    |     1 |     8 ||     9
         Call Imp          |       |     2 ||     2
         Blink             |       |     1 ||     1
    Use: Potion            |       |     2 ||     2
   Stab: Confused          |     2 |     6 ||     8
 Armour: Robe              |     5 |    23 ||    28
         Skin              |       |     3 ||     3
  Dodge: Dodged            |    12 |    37 ||    49

Table legend: (Time is in decaauts)
 A = Elapsed time spent in this place.
 B = Non-inter-level travel time spent in this place.
 C = Inter-level travel time spent in this place.
 D = Time resting spent in this place.
 E = Time spent auto-exploring this place.
 F = Levels seen in this place.
 G = Mean time per level.
                   A        B        C        D        E       F      G
               +--------+--------+--------+--------+--------+-----+--------+
         Total |   5070 |   4812 |    258 |     84 |   4217 |   6 |  845.0 |
       Dungeon |   5059 |   4804 |    255 |     84 |   4217 |   5 | 1011.8 |
        Temple |     10 |      7 |      3 |      0 |      0 |   1 |   10.0 |
               +--------+--------+--------+--------+--------+-----+--------+

Top non-repeatable levels by time:
     D:1: 1370 daAuts
     D:4: 1336 daAuts
     D:2: 1201 daAuts
     D:3: 843 daAuts
     D:5: 307 daAuts
  Temple: 10 daAuts
